 Dungeon Crawl Stone Soup version 0.31-a0-544-gceb718ecc6 (webtiles) character file.

Game seed: 7692507281696351481

88 garrulousMonolith the Chopper (level 4, -1/40 HPs)
             Began as a Hill Orc Monk on Aug 15, 2023.
             Killed from afar by Ijyb (10 damage)
             ... with a puff of flame
             ... on level 3 of the Dungeon.
             The game lasted 00:01:25 (1318 turns).

garrulousMonolith the Chopper (Hill Orc Monk)       Turns: 1318, Time: 00:01:26

Health: -1/40      AC: 10    Str: 15    XL:     4   Next: 54%
Magic:  5/5        EV:  4    Int: 10    God:
Gold:   52         SH:  0    Dex: 13    Spells: 3/3 levels left

rFire   . . .        a - +0 hand axe
rCold   . . .        d - orb {light}
rNeg    . . .        k - +0 plate armour
rPois   .            (no helmet)
rElec   .            (no cloak)
rCorr   .            (no gloves)
SInv    .            (no boots)
Will    .....        (no amulet) Stlth
                     (no ring)
HPRegen 0.26/turn    (no ring)
MPRegen 0.09/turn

%: no passive effects
@: lethally poisoned (-1 -> -10), glowing
A: no striking features
a: no special abilities


You were on level 3 of the Dungeon.
You visited 1 branch of the dungeon, and saw 3 of its levels.

You collected 52 gold pieces.

Inventory:

Hand Weapons
 a - a +0 hand axe (weapon)
Armour
 b - a +0 robe
 d - an orb of light (worn)
 k - a +0 plate armour (worn)
Scrolls
 e - 2 scrolls of vulnerability
 g - a scroll of identify {unknown}
 j - a scroll of revelation
 l - a scroll of fear {unknown}
Potions
 c - a potion of ambrosia
 f - 2 potions of curing
 h - a potion of lignification {unknown}
 i - a potion of brilliance {unknown}


   Skills:
 + Level 4.2 Fighting
 * Level 5.3 Axes
 + Level 1.6 Armour
 - Level 2.4 Dodging
 + Level 2.1 Invocations


You had 3 spell levels left.
You didn't know any spells.
Your spell library contained the following spells:

 Spells                   Type           Power      Damage    Failure   Level
 Wereblood                Tmut           0%         N/A       100%        2
 Irradiate                Conj/Tmut      0%         3d11      100%        5


Dungeon Overview and Level Annotations

Branches:
Dungeon (2/15)

Altars:

Shops:
D:1 =

Annotations:
D:3 Ijyb


Message History

The ball python grabs you. The ball python constricts you.
Ijyb screams, "You nasty!
Big nasty!"
Ijyb hits you with a +0 dagger of venom.
You closely miss Ijyb.
Ijyb is lightly wounded.
You hit the ball python.
You kill the ball python!
Ijyb hits you but does no damage.
You are poisoned.
You hit Ijyb.
Ijyb is moderately wounded.
You feel very sick.
Ijyb hits you with a +0 dagger of venom.
You are lethally poisoned!
You hit Ijyb.
Ijyb is moderately wounded.
* * * LOW HITPOINT WARNING * * *
You feel very sick. Ijyb screams, "Me kill you!" Ijyb barely misses you.
You slash Ijyb!
Ijyb is severely wounded.
* * * LOW HITPOINT WARNING * * *
You feel sick.
Ijyb hits you with a +0 dagger of venom.
* * * LOW HITPOINT WARNING * * *
You are more poisoned.
It was a potion of curing.
You feel better.
Ijyb hits you with a +0 dagger of venom.
You are poisoned.
You barely miss Ijyb.
Ijyb is severely wounded.
You feel sick. Ijyb hits you but does no damage.
You are lethally poisoned!
You completely miss Ijyb.
Ijyb is severely wounded.
* * * LOW HITPOINT WARNING * * *
You feel very sick.
Ijyb zaps a wand.
The puff of flame hits you!
You die...

.. ##.# .....
.....########## #
..............#.#
................+
..............#.#
#.....g@)........
#.#####..##.#.#.#
#.#.#.# .#
.#.#+#.#.#.# .#
#.......#.#.# .#
+......#.#.#.# .#
#...... #.#.#.# .
....... #.#.#.#
#.#+#+# #.#.#.#


You could see Ijyb.

Vanquished Creatures
  A hound (D:2)
  Natasha (D:2)
  A worm (D:2)
  6 bats
  3 endoplasms (D:1)
  3 goblins (D:1)
  8 hobgoblins
  A quokka (D:1)
  2 ball pythons
  A frilled lizard (D:2)
  3 kobolds
  A rat (D:1)
31 creatures vanquished.

Notes
Turn   | Place    | Note
-------+----------+-------------------------------------------
     0 | D:1      | garrulousMonolith the Hill Orc Monk began the quest for the
                  | Orb.
     0 | D:1      | Reached XP level 1. HP: 19/19 MP: 1/1
    23 | D:1      | Found Naxzom's Jewellery Shop.
   167 | D:1      | Reached XP level 2. HP: 27/27 MP: 2/2
   321 | D:1      | Reached skill level 1 in Invocations
   684 | D:1      | Reached skill level 1 in Armour
   995 | D:2      | Reached XP level 3. HP: 24/33 MP: 2/4
  1051 | D:2      | Noticed Natasha
  1060 | D:2      | Killed Natasha
  1061 | D:2      | Reached skill level 5 in Axes
  1169 | D:2      | Reached XP level 4. HP: 25/40 MP: 5/5
  1301 | D:2      | You fall into a shaft and drop 1 floor!
  1304 | D:3      | Noticed Ijyb
  1318 | D:3      | Killed from afar by Ijyb

Illustrated notes

Levels and vault maps discovered:
D:1:      eino_arrival_cavern_e, layout_basic, serial_shops, shop
D:2:      layout_basic, uniq_natasha
D:3:      layout_basic, nicolae_overflow_two_pavilions,
          nicolae_tso_besieged_by_evil, shapermc_ecumenical_altar_acropolis,
          uniq_ijyb

Skill      XL: |  1  2  3 |
---------------+----------+-----
Invocations    | 1 2 |  2.1
Armour         | 1 |  1.6
Fighting       | 4 |  4.2
Axes           | 5 |  5.3
Dodging        | |  2.4

Action                     |  1- 3 |  4- 6 || total
---------------------------+-------+-------++-------
  Melee: Hand axe          |    74 |    21 ||    95
    Use: Scroll            |     2 |       ||     2
         Potion            |       |     1 ||     1
 Armour: Robe              |     6 |       ||     6
         Plate armour      |    26 |    11 ||    37
  Dodge: Dodged            |    22 |     4 ||    26

Table legend: (Time is in decaauts)
 A = Elapsed time spent in this place.
 B = Non-inter-level travel time spent in this place.
 C = Inter-level travel time spent in this place.
 D = Time resting spent in this place.
 E = Time spent auto-exploring this place.
 F = Levels seen in this place.
 G = Mean time per level.
                   A        B        C        D        E       F      G
               +--------+--------+--------+--------+--------+-----+--------+
         Total |   1323 |   1287 |     36 |    131 |    930 |   3 |  441.0 |
       Dungeon |   1323 |   1287 |     36 |    131 |    930 |   3 |  441.0 |
               +--------+--------+--------+--------+--------+-----+--------+

Top non-repeatable levels by time:
     D:1: 963 daAuts
     D:2: 342 daAuts
     D:3: 17 daAuts
